 Dungeon Crawl Stone Soup version 0.28-a0-381-g937acc2988 (webtiles) character file.

Game seed: 11985871914771779113

1604 dolemite99 the Shield-Bearer (level 9, 0/67 HPs)
             Began as a Djinni Summoner on Sept 2, 2021.
             Killed from afar by an acid dragon (27 damage)
             ... with a splash of acid
             ... on level 6 of the Dungeon.
             The game lasted 00:14:26 (11570 turns).

dolemite99 the Shield-Bearer (Djinni Summoner)     Turns: 11570, Time: 00:14:27

Health: 0/67       AC:  6    Str:  7    XL:     9   Next: 16%
Gold:   221        EV: 12    Int: 19    God:
                   SH:  6    Dex: 15

rFire   + + .      SeeInvis .   h - +2 hunting sling
rCold   x . .      Faith    .   E - +0 buckler
rNeg    . . .      Spirit   .   a - +0 robe
rPois   ∞          Reflect  .   r - +2 hat
rElec   .          Harm     .   (no cloak)
rCorr   .          Rampage  .   t - +1 pair of gloves
Will    +....                   (boots unavailable)
Stlth   ++........              (no amulet)
HPRegen 0.21/turn               l - ring of willpower
MPRegen 0.00/turn               y - ring of wizardry

@: flying
A: sickness immunity, fire resistance 2, cold vulnerability 1, float, innate
caster, hp casting, extra vitality 1
a: no special abilities


You were on level 6 of the Dungeon.
You visited 1 branch of the dungeon, and saw 6 of its levels.

You collected 221 gold pieces.

Inventory:

Hand Weapons
 h - a +2 hunting sling (weapon)
 j - a +0 trident
 p - a +0 hand axe
 s - a +0 dagger of flaming
 z - a +0 morningstar
Missiles
 e - 167 stones (quivered ammo)
 f - 66 arrows
 q - 25 bolts
 x - 8 boomerangs
Armour
 a - a +0 robe (worn)
 r - a +2 hat (worn)
 t - a +1 pair of gloves (worn)
 E - a +0 buckler (worn)
Magical Staves
 b - a staff of fire
 d - a staff of poison
Jewellery
 l - a ring of willpower (left hand)
 y - a ring of wizardry (right hand)
 C - a +6 ring of strength
Wands
 m - a wand of paralysis (2)
 u - a wand of mindburst (18)
Scrolls
 k - a scroll of vulnerability
 o - 2 scrolls of teleportation
 D - a scroll of brand weapon {unknown}
Potions
 c - a potion of invisibility {unknown}
 g - a potion of resistance {unknown}
 i - 2 potions of haste
 v - a potion of curing
 w - a potion of lignification
 A - a potion of heal wounds {unknown}
 G - a potion of ambrosia {unknown}


   Skills:
 + Level 6.7 Fighting
 - Level 2.4 Dodging
 - Level 1.8 Stealth
 - Level 7.0 Shields
 - Level 4.7 Spellcasting


You couldn't memorise any spells.
You knew the following spells:

 Your Spells              Type           Power      Damage    Failure   Level
a - Summon Small Mammal   Summ           88%        N/A       1%          1
b - Call Imp              Summ           22%        N/A       1%          2
c - Call Canine Familiar  Summ           22%        N/A       2%          3
d - Summon Lightning Spi  Summ/Air       22%        N/A       8%          4
e - Summon Guardian Gole  Hex/Summ       22%        N/A       2%          3
f - Sandblast             Erth           44%        2d11      1%          1
g - Wereblood             Tmut           22%        N/A       1%          2
h - Conjure Flame         Conj/Fire      22%        6-21      2%          3
i - Stone Arrow           Conj/Erth      44%        3d9       2%          3
Your spell library was empty.

Dungeon Overview and Level Annotations

Branches:
Dungeon (6/15)
 Temple: D:4-7

Altars:


Innate Abilities, Weirdness & Mutations

You are immune to sickness and miasma.
You are immune to poison.
Your flesh is very heat resistant. (rF++)
You are vulnerable to cold. (rC-)
You float through the air rather than walking.
You learn spells naturally, not from books.
Your magical power is your life essence.
You have superior vitality. (+4 HP)


Message History

You shoot a sling bullet.
The sling bullet barely misses the acid dragon.
You shoot a sling bullet.
The sling bullet barely misses the acid dragon.
Your lightning spire shoots out a bolt of lightning at the acid dragon!
The bolt of electricity hits the acid dragon!
You shoot a sling bullet.
The sling bullet closely misses the acid dragon.
Your lightning spire shoots out a bolt of lightning at the acid dragon!
The bolt of electricity hits the acid dragon.
You shoot a sling bullet.
The sling bullet barely misses the acid dragon.
You shoot a sling bullet. The sling bullet hits the acid dragon.
The acid dragon is heavily wounded.
You shoot a sling bullet.
The sling bullet closely misses the acid dragon.
The acid dragon spits acid at you. The splash of acid hits you!!
Your lightning spire shoots out a bolt of lightning at the acid dragon!
The bolt of electricity hits the acid dragon!
You shoot a sling bullet.
The sling bullet hits the acid dragon but does no damage.
The acid dragon is severely wounded.
Your lightning spire shoots out a bolt of lightning at the acid dragon!
The bolt of electricity hits the acid dragon!
The acid dragon spits acid at your lightning spire.
The splash of acid hits your lightning spire!!
The acid corrodes your lightning spire!
Your lightning spire is destroyed!
Your lightning spire disappears in a puff of smoke!
You shoot a sling bullet.
The sling bullet barely misses the acid dragon.
Casting: Summon Lightning Spire (dangerous; 8% risk of failure)
Confirm with . or Enter, or press ? or * to list all spells.
An electric hum fills the air.
The acid dragon spits acid at you. The splash of acid hits you!
The acid dragon spits acid at you. The splash of acid hits you!!
You die...

#....#................#
###..#.......###.....#####
#.########## #.........#
.#.# #....####.# ...###
#....###..# .#.
########..#......# .
#.>[.............# .>
.###.....(.(..((# .
...####..@D.(....(.# #####
#...............).###.#..
#........8..#...((##.#.##
#####...........(.((#.##
#....#######.....##.##
#.### #.....#### # #######


You could see an acid dragon (catching breath, ally target) and a friendly
lightning spire (summoned).

Vanquished Creatures
  2 ice beasts (D:6)
  A sky beast (D:6)
  A hound (D:5)
  A bullfrog skeleton (D:3)
  A jelly (D:6)
  An orc priest (D:4)
  3 adders
  An adder skeleton (D:4)
  2 dart slugs
  7 orcs
  2 endoplasms
  2 giant cockroaches
  2 goblins
  A hobgoblin (D:2)
  3 quokkas
  3 ball pythons
  2 bats (D:2)
  A frilled lizard (D:2)
  A kobold (D:4)
  4 rats
41 creatures vanquished.

Vanquished Creatures (collateral kills)
  An orc warrior (D:6)
  2 sky beasts
  A centaur (D:5)
  An ogre (D:4)
  A water moccasin skeleton (D:5)
  4 hounds (D:6)
  2 jellies
  3 orc priests
  An iguana (D:5)
  7 orc wizards
  4 gnolls
  4 adders
  2 white imps
  An adder skeleton (D:2)
  2 worms (D:2)
  2 dart slugs (D:1)
  21 orcs
  2 ball pythons
  A bat (D:2)
  2 endoplasms (D:1)
  A giant cockroach (D:4)
  4 hobgoblins (D:1)
  3 quokkas (D:1)
  A frilled lizard (D:1)
  4 goblins
  4 kobolds
  4 rats (D:1)
85 creatures vanquished.

Grand Total: 126 creatures vanquished

Notes
Turn   | Place    | Note
-------+----------+-------------------------------------------
     0 | D:1      | dolemite99 the Djinni Summoner began the quest for the Orb.
     0 | D:1      | Reached XP level 1. HP: 15/15 MP: 0/0
   553 | D:1      | Reached XP level 2. HP: 19/21 MP: 0/0
  1237 | D:1      | Reached skill level 1 in Fighting
  2734 | D:1      | Reached XP level 3. HP: 24/27 MP: 0/0
  2734 | D:1      | Learned a level 1 spell: Sandblast
  3055 | D:1      | Found a faded altar of an unknown god.
  3545 | D:2      | Reached XP level 4. HP: 14/34 MP: 0/0
  4831 | D:3      | Reached XP level 5. HP: 33/41 MP: 0/0
  4831 | D:3      | Learned a level 2 spell: Wereblood
  6051 | D:4      | Noticed an ogre
  6061 | D:4      | Killed an ogre
  6062 | D:4      | Reached skill level 5 in Fighting
  6062 | D:4      | Reached XP level 6. HP: 34/49 MP: 0/0
  7195 | D:4      | Reached XP level 7. HP: 28/54 MP: 0/0
  7195 | D:4      | Learned a level 3 spell: Conjure Flame
  8535 | D:5      | Entered Level 5 of the Dungeon
  9133 | D:5      | Reached skill level 1 in Shields
  9373 | D:5      | Reached skill level 2 in Shields
  9373 | D:5      | Reached XP level 8. HP: 21/61 MP: 0/0
  9728 | D:5      | Reached skill level 3 in Shields
 10231 | D:6      | Reached skill level 4 in Shields
 10257 | D:6      | Reached skill level 5 in Shields
 10274 | D:6      | Reached skill level 6 in Shields
 10628 | D:6      | Reached XP level 9. HP: 58/66 MP: 0/0
 10628 | D:6      | Learned a level 3 spell: Stone Arrow
 10730 | D:6      | Reached skill level 7 in Shields
 11570 | D:6      | Killed from afar by an acid dragon

Illustrated notes

Levels and vault maps discovered:
D:1:      enne_arrival_octagon_isle, layout_loops_ring,
          dreamdust_ecumenical_altar_statues
D:2:      layout_loops_cross
D:3:      layout_basic
D:4:      layout_cave_pools, ebering_dispersal_statue_hall,
          hangedman_decor_diamond_cutter, sigmund_army
D:5:      layout_rooms
D:6:      lemuel_ratsnest, layout_rooms, minmay_temple_entry_from_below_a,
          corexii_checkpoint_a, nicolae_benzene_ring, uniq_maggie

Skill      XL: |  1  2  3  4  5  6  7  8  9 |
---------------+----------------------------+-----
Fighting       | 1 2 4 5 6 |  6.7
Spellcasting   | 4 |  4.7
Shields        | 2 6 7 |  7.0
Dodging        | |  2.4
Stealth        | |  1.8

Action                   |  1- 3 |  4- 6 |  7- 9 || total
-------------------------+-------+-------+-------++-------
Melee: Staff             |    18 |       |       ||    18
       Trident           |       |    20 |       ||    20
 Fire: Hunting sling     |       |    74 |    97 ||   171
 Cast: Summon Small Mamm |    31 |    15 |    19 ||    65
       Call Imp          |    19 |    16 |    18 ||    53
       Call Canine Famil |     2 |    12 |    19 ||    33
       Summon Lightning  |       |       |    11 ||    11
  Use: Scroll            |     2 |     5 |     4 ||    11
       Potion            |       |       |     1 ||     1
 Stab: Sleeping          |     1 |     3 |       ||     4
Armor: Robe              |     7 |    31 |    34 ||    72
       Skin              |       |       |     1 ||     1
Dodge: Dodged            |    27 |    47 |    45 ||   119
Block: Buckler           |       |       |    10 ||    10

Table legend: (Time is in decaauts)
 A = Elapsed time spent in this place.
 B = Non-inter-level travel time spent in this place.
 C = Inter-level travel time spent in this place.
 D = Time resting spent in this place.
 E = Time spent auto-exploring this place.
 F = Levels seen in this place.
 G = Mean time per level.
                   A        B        C        D        E       F      G
               +--------+--------+--------+--------+--------+-----+--------+
         Total |  11612 |  11451 |    161 |   5979 |   3749 |   6 | 1935.3 |
       Dungeon |  11612 |  11451 |    161 |   5979 |   3749 |   6 | 1935.3 |
               +--------+--------+--------+--------+--------+-----+--------+

Top non-repeatable levels by time:
     D:1: 3447 daAuts
     D:4: 2472 daAuts
     D:5: 1680 daAuts
     D:3: 1485 daAuts
     D:6: 1371 daAuts
     D:2: 1154 daAuts
